 Dungeon Crawl Stone Soup version 0.27.1-33-g824d729ab1 (webtiles) character file.

Game seed: 838600319520878028

101 shadowrider38 the Poker (level 4, -1/37 HPs)
             Began as a Merfolk Gladiator on Jan 1, 2022.
             Succumbed to an adder's poison
             ... on level 2 of the Dungeon.
             The game lasted 00:10:54 (3104 turns).

shadowrider38 the Poker (Merfolk Gladiator)         Turns: 3104, Time: 00:10:55

Health: -1/37      AC: 12    Str: 15    XL:     4   Next: 75%
Magic:  4/4        EV:  5    Int:  7    God:
Gold:   81         SH:  0    Dex: 15    Spells: 3/3 levels left

rFire    . . .     SeeInvis .   a - +0 trident
rCold    . . .     Faith    .   (no shield)
rNeg     . . .     Spirit   .   l - +0 plate armour
rPois    .         Reflect  .   c - +0 helmet
rElec    .         Harm     .   (no cloak)
rCorr    .         Rampage  .   o - +0 pair of gloves
Will     +....                  (no boots)
Stlth    ..........             (no amulet)
HPRegen  0.12/turn              s - ring of willpower
MPRegen  0.09/turn              (no ring)

@: lethally poisoned (-1 -> -7), flying
A: (nimble swimmer 2), mertail
a: no special abilities


You were on level 2 of the Dungeon.
You visited 1 branch of the dungeon, and saw 2 of its levels.

You collected 81 gold pieces.

Inventory:

Hand Weapons
 a - a +0 trident (weapon)
Missiles
 b - 25 sling bullets
 d - 3 throwing nets
 f - 42 arrows
 g - 7 datura-tipped darts
 p - 22 stones (quivered)
 q - 7 javelins
 r - 15 poisoned darts
Armour
 c - a +0 helmet (worn)
 l - a +0 plate armour (worn)
 o - a +0 pair of gloves (worn)
Jewellery
 s - a ring of willpower (left hand)
Scrolls
 e - 4 scrolls of fog {unknown}
 h - a scroll of blinking {unknown}
 j - a scroll of teleportation {unknown}
 m - 2 scrolls of identify {unknown}
Potions
 i - a potion of attraction


   Skills:
 + Level 4.0 Fighting
 + Level 6.3 Polearms
 - Level 2.0 Throwing
 - Level 4.0 Dodging


You had 3 spell levels left.
You didn't know any spells.
Your spell library contained the following spells:

 Spells                   Type           Power      Damage    Failure   Level
 Static Discharge         Conj/Air       0%         N/A       100%        2
 Lightning Bolt           Conj/Air       0%         1d11      100%        5
 Maxwell's Capacitive Co  Air            0%         ∞         100%        8


Dungeon Overview and Level Annotations

Branches:
Dungeon (2/15)

Altars:

Shops:
D:2 *


Innate Abilities, Weirdness & Mutations

((You are quick and stealthy near water. (Stealth+, EV+, Speed+++)))
Your lower body shifts to a powerful aquatic tail in water.


Message History

The adder poisons you!
You closely miss the adder.
The adder is heavily wounded.
You feel sick. The adder bites you.
You are more poisoned.
The adder poisons you!
You barely miss the adder.
The adder is heavily wounded.
You feel very sick. The adder bites you.
You are lethally poisoned!
The adder poisons you! The adder bites you.
It was a potion of attraction.
You feel attractive to monsters.
* * * LOW HITPOINT WARNING * * *
You feel very sick. The adder barely misses you.
It was a potion of cancellation.
Your magical effects are unravelling.
You feel magically purged.
* * * LOW HITPOINT WARNING * * *
You feel very sick. The adder bites you but does no damage.
You feel less attractive to monsters.
It was a potion of flight.
You feel very buoyant.
You fly up into the air.
* * * LOW HITPOINT WARNING * * *
You feel sick. The adder bites you but does no damage.
You closely miss the adder.
The adder is heavily wounded.
* * * LOW HITPOINT WARNING * * *
You feel sick. The adder barely misses you.
The adder bites you but does no damage.
You closely miss the adder.
The adder is heavily wounded.
* * * LOW HITPOINT WARNING * * *
You feel sick. The adder bites you but does no damage.
You puncture the adder!
You kill the adder!
You die...

....#.....###)..........
.......######.......(.##.
###......................
###.###.#####..........#
.....##...# #..........##
........#.###...........#
###....>...#.............
#####..................
### #####.....@<.......
..# #..........>... #.##
#.............. #..##
#.............. ##..#
##............. ##.#
##.....#.....# ###.######
############# .........#
.........#


There were no monsters in sight!

Vanquished Creatures
  A hound (D:2)
  A gnoll (D:1)
  3 adders
  2 dart slugs (D:1)
  7 ball pythons (D:1)
  2 endoplasms
  2 goblins (D:1)
  7 hobgoblins
  2 jackals (D:1)
  A kobold (D:2)
  2 quokkas (D:2)
  3 bats (D:2)
  A frilled lizard (D:1)
  6 rats
40 creatures vanquished.

Vanquished Creatures (others)
  A plant (D:1)
  3 withered plants (D:1)
4 creatures vanquished.

Grand Total: 44 creatures vanquished

Notes
Turn   | Place    | Note
-------+----------+-------------------------------------------
     0 | D:1      | shadowrider38 the Merfolk Gladiator began the quest for the
                  | Orb.
     0 | D:1      | Reached XP level 1. HP: 16/16 MP: 1/1
   234 | D:1      | Found a faded altar of an unknown god.
   307 | D:1      | Reached XP level 2. HP: 20/23 MP: 2/2
   518 | D:1      | Reached skill level 5 in Polearms
   978 | D:1      | Reached XP level 3. HP: 28/29 MP: 3/3
  2649 | D:2      | Reached skill level 6 in Polearms
  2649 | D:2      | Reached XP level 4. HP: 35/37 MP: 4/4
  2685 | D:2      | Found Fan Eryc's Assorted Antiques.
  3103 | D:2      | HP: 1/37 [poisoned by an adder]
  3104 | D:2      | Succumbed to an adder's poison

Illustrated notes

Levels and vault maps discovered:
D:1:      sevenhm_arrival_forest_fort_large_4, layout_basic,
          ebering_ecumenical_altar_petrified, hangedman_decor_riveting,
          minivault_5, dk_noncrumbling_3
D:2:      layout_rooms, serial_shops, shop_statue, minivault_24

Skill      XL: |  1  2  3  4 |
---------------+-------------+-----
Polearms       | 5 6 |  6.3
Fighting       | 3 4 |  4.0
Throwing       | |  2.0
Dodging        | |  4.0

Action                   |  1- 3 |  4- 6 || total
-------------------------+-------+-------++-------
Melee: Trident           |   118 |    46 ||   164
Throw: Stone             |     1 |     2 ||     3
  Use: Potion            |       |     3 ||     3
 Stab: Sleeping          |     1 |       ||     1
Armor: Leather armour    |     8 |       ||     8
       Plate armour      |    40 |    45 ||    85
Dodge: Dodged            |    31 |    14 ||    45
